 Dungeon Crawl Stone Soup version 0.30.1-11-g7821555f0a (webtiles) character file.

Game seed: 17389654055164648713

46516 monsoonserge the Severer (level 14, -8/70 HPs)
             Began as a Spriggan Hunter on Nov 4, 2023.
             Was a High Priest of Wu Jian.
             Mangled by hawkwood's ghost (24 damage)
             ... on level 10 of the Dungeon.
             The game lasted 00:52:24 (16264 turns).

monsoonserge the Severer (Spriggan Hunter)         Turns: 16264, Time: 00:52:24

Health: -8/70      AC: 10    Str: 15    XL:     14   Next: 5%
Magic:  0/30       EV: 27    Int: 15    God:    Wu Jian [*****.]
Gold:   1813       SH:  0    Dex: 30    Spells: 17/21 levels left

rFire   . . .        w - +10 broad axe of Disarray {distort, rC- Int+5 Dex+5}
rCold   x . .        (shield currently unavailable)
rNeg    . . .        D - +3 robe "Sointu Corch" {+Blink Dex+3 Stlth- Archmagi}
rPois   .            L - +2 hat
rElec   .            h - +2 cloak
rCorr   .            (gloves unavailable)
SInv    +            (boots unavailable)
Will    ++...        e - amulet of guardian spirit
Stlth   ++++         a - ring of magical power
HPRegen 0.31/turn    R - +6 ring of strength
MPRegen 0.22/turn

%: guardian spirit, archmagi
@: very quick
A: very small, no large weapons, unfitting armour, see invisible, speed 3
a: Renounce Religion, Evoke Blink, Wall Jump, Serpent's Lash, Heavenly Storm


You were on level 10 of the Dungeon.
You worshipped Wu Jian.
Wu Jian was extremely pleased with you.
You visited 3 branches of the dungeon, and saw 17 of its levels.
You also visited: Ossuary and Volcano.

You collected 1813 gold pieces.

Inventory:

Hand Weapons
 w - the +10 broad axe of Disarray (weapon) {distort, rC- Int+5 Dex+5}
   (You found it on level 4 of the Dungeon)

   Int:       It affects your intelligence (+5).
   Dex:       It affects your dexterity (+5).
   rC:        It makes you vulnerable to cold.
Missiles
 m - 27 poisoned darts (quivered)
 B - 3 curare-tipped darts
 M - 10 boomerangs
Armour
 h - a +2 cloak (worn)
 x - a +2 robe of resistance
 D - the +3 robe "Sointu Corch" (worn) {+Blink Dex+3 Stlth- Archmagi}
   (You found it on level 10 of the Dungeon)

   Dex:       It affects your dexterity (+3).
   +Blink:    It lets you blink.
   Archmagi:  It increases the power of your magical spells.
   Stlth:     It makes you less stealthy.
 L - a +2 hat (worn)
 S - a +1 buckler of protection
Jewellery
 a - a ring of magical power (left hand)
 e - an amulet of guardian spirit (around neck)
 O - a ring of ice
 R - a +6 ring of strength (right hand)
Wands
 c - a wand of charming (12)
 F - a wand of flame (54)
 H - a wand of polymorph (22)
 I - a wand of iceblast (7)
 J - a wand of mindburst (16)
Scrolls
 b - 8 scrolls of immolation
 d - 3 scrolls of enchant weapon
 g - 5 scrolls of blinking
 i - 2 scrolls of enchant armour
 n - 6 scrolls of fog {unknown}
 q - 2 scrolls of fear
 s - a scroll of torment
 u - 9 scrolls of teleportation
 y - 2 scrolls of summoning
 A - a scroll of vulnerability {unknown}
 E - 3 scrolls of poison
 G - 3 scrolls of magic mapping
 N - 3 scrolls of amnesia
 Q - 3 scrolls of brand weapon {unknown}
Potions
 f - 10 potions of heal wounds
 j - 4 potions of cancellation
 l - 2 potions of flight
 o - 7 potions of curing
 p - 2 potions of attraction
 r - 5 potions of might
 t - 4 potions of magic
 v - a potion of invisibility {unknown}
 z - 2 potions of haste {unknown}
 C - 7 potions of mutation
 K - 2 potions of lignification
 P - 5 potions of brilliance {unknown}


   Skills:
 + Level 6.9 Fighting
 * Level 16.3 Axes
 - Level 6.1 Ranged Weapons
 - Level 2.0 Throwing
 - Level 2.3 Armour
 + Level 8.2 Dodging
 + Level 9.9 Stealth
 * Level 4.2 Spellcasting
 * Level 3.4 Necromancy
 + Level 6.3 Evocations


You had 17 spell levels left.
You knew the following spells:

 Your Spells              Type           Power      Damage    Failure   Level
a - Animate Dead          Necr           20%        N/A       41%         4

Your spell library contained the following spells:

 Spells                   Type           Power      Damage    Failure   Level
 Cigotuvi's Dreadful Rot  Necr/Pois/Air  18%        N/A       17%         2
 Freeze                   Ice            16%        1d4       19%         1
 Sting                    Tmut/Pois      16%        1d3       19%         1
 Frozen Ramparts          Ice            8%         1d2       47%         3
 Hailstorm                Conj/Ice       4%         3d4       47%         3
 Ignite Poison            Fire/Tmut/Pois 4%         N/A       47%         3
 Spider Form              Tmut/Pois      4%         N/A       47%         3
 Stone Arrow              Conj/Erth      8%         3d7       47%         3
 Anguish                  Hex/Necr       6%         N/A       65%         4
 Animate Armour           Summ/Erth      8%         N/A       87%         4
 Cause Fear               Hex            2%         N/A       87%         4
 Leda's Liquefaction      Hex/Erth       2%         N/A       87%         4
 Alistair's Intoxication  Tmut/Pois      2%         N/A       99%         5
 Lee's Rapid Deconstruct  Erth           2%         3d4*      99%         5
 Statue Form              Tmut/Erth      2%         N/A       100%        6
 Enfeeble                 Hex            2%         N/A       100%        7
 Haunt                    Necr/Summ      6%         N/A       100%        7
 Infestation              Necr           10%        N/A       100%        8
 Lehudib's Crystal Spear  Conj/Erth      2%         10d2      100%        8


Dungeon Overview and Level Annotations

Branches:
Dungeon (11/15)            Temple (1/1) D:6            Lair (5/5) D:10
  Swamp (0/4) Lair:2       Spider (0/4) Lair:2        Slime (0/5) Lair:4
    Orc (0/2) D:9         Ossuary (visited)         Volcano (visited)

Altars:
Ashenzari
Cheibriados
Dithmenos
Elyvilon
Fedhas
Gozag
Hepliaklqana
Kikubaaqudgha
Makhleb
Nemelex Xobeh
Okawaru
Qazlal
Ru
Sif Muna
Trog
Uskayaw
Vehumet
Wu Jian
Xom
Yredelemnul
Zin
The Shining One
Jiyva

Annotations:
D:10 hawkwood's ghost, journeyman MiAr
Lair:2 exclusion: 3 oklob plants
Abyss:1 Menkaure; lonewolfV2's ghost, novice TeFi


Innate Abilities, Weirdness & Mutations

You are very small and have problems with some larger weapons.
You are too small for most types of armour.
You have supernaturally acute eyesight. (SInv)
You cover ground extremely quickly. (Speed+++)


Message History

You see here 19 gold pieces.
You slash the scorpion!
The scorpion is devoured by a tear in reality.
You now have 1711 gold pieces (gained 12).
You now have 1730 gold pieces (gained 19).
P - 5 blue potions (gained 1)
G - 3 scrolls of magic mapping (gained 1)
f - 10 potions of heal wounds (gained 1)
o - 7 potions of curing (gained 1)
You now have 1733 gold pieces (gained 3).
You now have 1749 gold pieces (gained 16).
You now have 1766 gold pieces (gained 17).
You now have 1783 gold pieces (gained 17).
You now have 1802 gold pieces (gained 19).
You now have 1813 gold pieces (gained 11).
Done exploring.
Done exploring.
There is a transporter here.
You enter the transporter and appear at another place.
There is a staircase back to the Dungeon here.
You climb upwards.
Welcome back to the Dungeon!
Level annotation: 1 runed translucent door, hawkwood's ghost, journeyman MiAr
There is a staircase to the Lair here.
You open the door. You slash hawkwood's ghost!
Space warps around hawkwood's ghost.
Hawkwood's ghost is lightly damaged.
Hawkwood's ghost hits you!!
You closely miss hawkwood's ghost.
Hawkwood's ghost is lightly damaged.
You barely miss hawkwood's ghost.
Hawkwood's ghost is lightly damaged.
Hawkwood's ghost hits you!!
You hit hawkwood's ghost.
Hawkwood's ghost is lightly damaged.
Hawkwood's ghost hits you!!
* * * LOW HITPOINT WARNING * * *
You miss hawkwood's ghost.
Hawkwood's ghost is lightly damaged.
Hawkwood's ghost hits you!!
You die...

..P....................<.........
.P..###..........................
....# #.################...######
....# #.# #...# P.♣####.# #...#
........########## ####...######
.................####............
.########........#).#............
## #.......@W}8#......######
#........#..#......#
#........####......#
#########..................######
.................................
.................................
######...###############...######
######...###############...#
...........................######


You could see hawkwood's ghost.

Vanquished Creatures
  A stone giant (Volcano)
  Snorg (Lair:3)
  3 hydras
  Erolcha (D:10)
  Erica (D:10)
  A death yak (Lair:5)
  A bog body (Lair:2)
  A cyclops (D:11)
  11 elephants
  2 torpor snails
  Joseph (D:7)
  Maurice (D:10)
  2 black mambas
  9 cane toads
  4 gargoyles (Volcano)
  Psyche (D:10)
  An unseen horror (D:11)
  A kobold demonologist (D:11)
  12 komodo dragons
  2 rime drakes
  An efreet (Volcano)
  A troll (D:9)
  5 hornets (Lair:5)
  7 polar bears
  Grinder (D:6)
  9 blink frogs
  A dream sheep (Lair:5)
  A jumping spider (Lair:2)
  A vampire (D:9)
  12 spriggans (Lair:5)
  A shadow (D:10)
  4 wyverns
  A fire elemental (Volcano)
  16 yaks
  5 fire bats (Volcano)
  3 basilisks
  2 steam dragons
  3 acid dragons (D:10)
  16 water moccasins
  Duvessa (D:5)
  5 orc warriors
  2 black bears (Lair:5)
  3 ogres
  4 boggarts (Lair:5)
  32 wolves
  2 phantoms
  A kobold brigand (D:6)
  14 bullfrogs
  3 scorpions (D:5)
  Dowan (D:5)
  13 killer bees
  11 wights
  2 howler monkeys
  A jelly (D:6)
  2 hounds
  6 lava snakes (Volcano)
  A human zombie (Ossuary)
  6 orc priests
  A centaur zombie (Ossuary)
  2 gnoll boudas
  12 orc wizards
  3 iguanas
  6 mummies
  13 adders
  9 gnolls
  2 shadow imps
  3 white imps
  An ufetubus (D:5)
  2 dart slugs
  43 orcs
  5 ball pythons
  6 bats
  9 endoplasms
  2 giant cockroaches (D:3)
  2 gnoll zombies (Ossuary)
  13 goblins
  6 hobgoblins
  2 jackals (D:3)
  4 quokkas
  4 frilled lizards
  2 goblin zombies (Ossuary)
  20 kobolds
  2 orc zombies (Ossuary)
  7 rats
438 creatures vanquished.

Vanquished Creatures (others)
  An orc (D:7)
1 creature vanquished.

Grand Total: 439 creatures vanquished

Notes
Turn   | Place    | Note
-------+----------+-------------------------------------------
     0 | D:1      | monsoonserge the Spriggan Hunter began the quest for the
                  | Orb.
     0 | D:1      | Reached XP level 1. HP: 10/10 MP: 2/2
   121 | D:1      | Reached XP level 2. HP: 14/14 MP: 3/3
   838 | D:2      | Reached XP level 3. HP: 14/18 MP: 2/4
   862 | D:2      | Reached skill level 5 in Ranged Weapons
  1234 | D:2      | Reached XP level 4. HP: 23/23 MP: 5/5
  1443 | D:3      | Found a faded altar of an unknown god.
  1622 | D:3      | Identified the +0 leather armour "Fivac" {Slay+3}
  2187 | D:4      | Reached XP level 5. HP: 10/26 MP: 1/6
  2524 | D:4      | Identified the +10 broad axe of Disarray {distort, rC-
                  | Int+5 Dex+5}
  2806 | D:4      | Noticed a phantom
  2818 | D:4      | Reached skill level 1 in Axes
  2818 | D:4      | Killed a phantom
  2819 | D:4      | Reached XP level 6. HP: 32/32 MP: 5/7
  2853 | D:4      | Reached skill level 2 in Axes
  3056 | D:5      | Entered Level 5 of the Dungeon
  3152 | D:5      | Reached skill level 3 in Axes
  3211 | D:5      | Reached XP level 7. HP: 35/35 MP: 8/8
  3217 | D:5      | Noticed Duvessa
  3219 | D:5      | Noticed Dowan
  3558 | D:6      | Reached skill level 4 in Axes
  3696 | D:6      | Found a staircase to the Ecumenical Temple.
  3702 | Temple   | Entered the Ecumenical Temple
  3955 | D:6      | Reached skill level 5 in Axes
  4060 | D:6      | Noticed Grinder
  4071 | D:6      | Killed Grinder
  4072 | D:6      | Reached XP level 8. HP: 25/40 MP: 9/9
  4094 | D:6      | Found a sand-covered staircase.
  4137 | Ossuary  | Entered an ossuary
  4333 | Ossuary  | Reached skill level 6 in Axes
  4732 | D:5      | Identified the +7 falchion of Fosyu {heavy, Stlth+}
  4845 | D:5      | Noticed Menkaure
  4979 | D:5      | Reached skill level 7 in Axes
  5042 | D:5      | Reached skill level 5 in Stealth
  5122 | D:5      | Killed Dowan
  5126 | D:5      | Killed Duvessa
  5195 | D:5      | Banished Menkaure
  5196 | D:5      | Reached XP level 9. HP: 44/44 MP: 10/10
  5311 | D:7      | Noticed Joseph
  5484 | D:7      | Found a hide-covered altar of Uskayaw.
  5486 | D:7      | Found a basalt altar of Yredelemnul.
  5495 | D:7      | Reached skill level 8 in Axes
  5504 | D:7      | Found an ornate altar of the Wu Jian Council.
  5529 | D:7      | Became a worshipper of the Wu Jian Council
  5532 | D:7      | Found a broken altar of Ashenzari.
  5542 | D:7      | Found a burning altar of Makhleb.
  5560 | D:7      | Killed Joseph
  5631 | D:7      | Found an ancient bone altar of Kikubaaqudgha.
  5651 | D:7      | Got Zewnoluci's Lectures on the Scorpion
  5888 | D:7      | Reached skill level 1 in Evocations
  6156 | D:8      | Found a snail-covered altar of Cheibriados.
  6188 | D:8      | Reached * piety under Wu Jian
  6196 | D:8      | Reached skill level 9 in Axes
  6226 | D:8      | Found a shimmering altar of Xom.
  6438 | D:8      | Reached skill level 5 in Dodging
  6499 | D:8      | Reached XP level 10. HP: 32/49 MP: 11/11
  6674 | D:8      | Found a hazy altar of Hepliaklqana.
  6900 | D:9      | Found a white marble altar of Elyvilon.
  6978 | D:9      | Reached skill level 10 in Axes
  7006 | D:9      | Noticed a two-headed ogre
  7017 | D:9      | Banished a two-headed ogre
  7082 | D:9      | Found a staircase to the Orcish Mines.
  7330 | D:9      | Reached ** piety under Wu Jian
  7942 | D:10     | Entered Level 10 of the Dungeon
  7947 | D:10     | Noticed Maurice
  7955 | D:10     | Reached skill level 11 in Axes
  7966 | D:10     | Killed Maurice
  8072 | D:10     | Reached skill level 5 in Evocations
  8073 | D:10     | Reached skill level 1 in Armour
  8102 | D:10     | Found a staircase to the Lair.
  8110 | D:10     | Reached XP level 11. HP: 45/54 MP: 12/12
  8281 | D:10     | Reached *** piety under Wu Jian
  8328 | D:10     | Noticed Erica
  8338 | D:10     | Killed Erica
  8392 | D:10     | Found an iron altar of Okawaru.
  8394 | D:10     | Noticed Erolcha
  8402 | D:10     | Killed Erolcha
  8403 | D:10     | Reached skill level 12 in Axes
  8414 | D:10     | Found a runed translucent door.
  8505 | D:10     | Noticed hawkwood's ghost (journeyman MiAr)
  8614 | D:10     | Identified the +3 robe "Sointu Corch" {+Blink Dex+3 Stlth-
                  | Archmagi}
  8636 | D:10     | Noticed Psyche
  8643 | D:10     | Killed Psyche
  9455 | D:11     | Reached skill level 5 in Fighting
 10334 | Lair:1   | Entered Level 1 of the Lair of Beasts
 10415 | Lair:1   | Reached skill level 13 in Axes
 10424 | Lair:1   | Found a transporter.
 10429 | Lair:1   | Reached skill level 1 in Throwing
 10557 | Lair:1   | Found a dark tunnel.
 10627 | Volcano  | Entered a volcano
 10661 | Volcano  | Reached XP level 12. HP: 53/60 MP: 13/13
 10840 | Volcano  | Noticed a stone giant
 11022 | Volcano  | Reached **** piety under Wu Jian
 11041 | Volcano  | Found a radiant altar of Vehumet.
 11297 | Volcano  | HP: 1/60 [stone giant (28)]
 11298 | Volcano  | Killed a stone giant
 11578 | Lair:1   | Found a transporter.
 11962 | Lair:1   | Noticed lonewolfV2's ghost (novice TeFi)
 12261 | Lair:2   | Noticed a five-headed hydra
 12308 | Lair:2   | Found a hole to the Spider Nest.
 12365 | Lair:2   | Reached skill level 14 in Axes
 12410 | Lair:2   | Found a staircase to the Swamp.
 12784 | Lair:2   | Found a basalt altar of Yredelemnul.
 12964 | Lair:2   | Killed an eight-headed hydra
 13033 | Lair:2   | Learned a level 4 spell: Animate Dead
 13281 | Lair:3   | Noticed Snorg
 13288 | Lair:3   | Killed Snorg
 13289 | Lair:3   | Reached skill level 1 in Spellcasting
 13619 | Lair:3   | Noticed a seven-headed hydra
 13627 | Lair:3   | Killed an eight-headed hydra
 13628 | Lair:3   | Reached skill level 1 in Necromancy
 13628 | Lair:3   | Reached XP level 13. HP: 65/65 MP: 16/16
 14095 | Lair:4   | Reached ***** piety under Wu Jian
 14096 | Lair:4   | Reached skill level 15 in Axes
 14519 | Lair:4   | Found a viscous altar of Jiyva.
 14520 | Lair:4   | Found a staircase to the Slime Pits.
 14666 | Lair:5   | Entered Level 5 of the Lair of Beasts
 15561 | Lair:5   | Reached skill level 16 in Axes
 16116 | Lair:1   | Reached XP level 14. HP: 67/70 MP: 21/21
 16117 | Lair:1   | Banished lonewolfV2's ghost
 16264 | D:10     | Mangled by hawkwood's ghost

Illustrated notes

Levels and vault maps discovered:
D:1:      minmay_arrival_shoal_huts, layout_basic
D:2:      layout_loops_cross
D:3:      layout_basic, hellmonk_ecumenical_altar_dog_temple
D:4:      minmay_octagon_keep, layout_loops_ring
D:5:      layout_loops_ring, uniq_duvessa, uniq_menkaure
D:6:      layout_loops_corners, minmay_temple_entry_overgrown,
          gup_ossuary_entry_pyramid, st_stairs_8, kennysheep_another_room,
          uniq_grinder
D:7:      layout_rooms, nicolae_kikubaaqudgha_miasma_corner,
          minmay_overflow_temple_star_hex, uniq_joseph
D:8:      layout_loops_cross, worldfamousw_hep_ancestral_shrine,
          mainiacjoe_overflow_large_starburst, chequers_hall_statues_y
D:9:      layout_basic, elyvilon_altar_5, david_orc_2, grunt_ministairs_4,
          minmay_misc_feat_room, corexii_checkpoint_a
D:10:     layout_long_grid, overflow_temple_1_default, minmay_lair_entry_grove,
          gammafunk_ghost_grave, nicolae_hexahallways, uniq_maurice, uniq_erica,
          uniq_psyche, uniq_erolcha
D:11:     minmay_skewed_foursquare, layout_cave_pods
Temple:   minmay_temple_curvy_loop
Lair:1:   layout_regular_city, nzn_ghost_randoct, enter_volcano_2,
          chequers_serial_rivers_micro_e, st_stairs_11, grunt_megastairs_4
Lair:2:   minmay_lair_oklob_chamber, layout_cave_pods,
          skrybe_swamp_entry_bodies, spider_nest_entry_rubble, basic_altar
Lair:3:   layout_cave_pods, columned_hall_lemuel, uniq_snorg
Lair:4:   layout_cave_shapes, slime_entry_1, fungi_pond_lemuel
Lair:5:   minmay_lair_end_enchanted_forest, layout_hall_layers

Skill      XL: |  1  2  3  4  5  6  7  8  9 10 11 12 13 |
---------------+----------------------------------------+-----
Ranged Weapons | 5 6 |  6.1
Fighting       | 2 3 4 5 6 |  6.9
Dodging        | 3 4 5 6 7 8 |  8.2
Stealth        | 2 4 5 6 7 8 9 |  9.9
Axes           | 1 3 5 7 9 11 13 14 16 | 16.3
Evocations     | 3 5 6 |  6.3
Armour         | 1 2 |  2.3
Throwing       | 1 2 |  2.0
Spellcasting   | 1 4 |  4.2
Necromancy     | 1 3 |  3.4

Action                     |  1- 3 |  4- 6 |  7- 9 | 10-12 | 13-15 || total
---------------------------+-------+-------+-------+-------+-------++-------
  Melee: Broad axe         |       |    53 |   219 |   460 |   305 ||  1037
   Fire: Shortbow          |    79 |   109 |       |       |       ||   188
  Throw: Boomerang         |       |       |       |     1 |       ||     1
         Dart              |       |       |       |       |     3 ||     3
 Invoke: Serpent's Lash    |       |       |       |       |     1 ||     1
Ability: Lunge             |       |       |    11 |    48 |    38 ||    97
         Whirlwind         |       |       |     3 |   129 |    96 ||   228
  Evoke: Wand              |       |       |       |    11 |     3 ||    14
    Use: Scroll            |       |       |       |    11 |     5 ||    16
         Potion            |       |       |       |     3 |     1 ||     4
   Stab: Sleeping          |       |     2 |    11 |    20 |     7 ||    40
         Distracted        |       |       |     3 |     1 |     2 ||     6
 Armour: Robe              |     4 |     6 |     9 |    26 |    30 ||    75
         Troll leather arm |       |       |       |    11 |       ||    11
  Dodge: Dodged            |    17 |    96 |   175 |   331 |   218 ||   837
